 Dungeon Crawl Stone Soup version 0.31-a0-978-g1e143483b6 (webtiles) character file.

Game seed: 2248592629429795330

355 Xavori the Trooper (level 6, -3/47 HPs)
             Began as a Djinni Chaos Knight on Oct 31, 2023.
             Was a Plaything of Xom.
             Slain by an orc warrior
             ... wielding a +0 mace
              (10 damage)
             ... on level 4 of the Dungeon.
             The game lasted 00:02:44 (4052 turns).

Xavori the Trooper (Djinni Chaos Knight)            Turns: 4052, Time: 00:02:44

Health: -3/47      AC:  8    Str:  8 (10) XL:     6   Next: 95%
Gold:   145        EV: 12    Int: 17 (19) God:    Xom [.*....] SH:  0 Dex: 16 (18)

rFire   + + .        a - +0 falchion (chaos)
rCold   x . .        (no shield)
rNeg    . . .        b - +2 leather armour
rPois   ∞            (no helmet)
rElec   .            (no cloak)
rCorr   .            n - +0 pair of gloves
SInv    .            (boots unavailable)
Will    .....        (no amulet)
Stlth   +            j - +6 ring of intelligence
HPRegen 0.00/turn    (no ring)
MPRegen 0.00/turn

%: infuse magic (-4 HP)
@: flying, inhibited regen
A: sickness immunity, fire resistance 2, cold vulnerability 1, float, innate
caster, HP casting, extra vitality 1, iridescent scales 1, agile 1, mutation
resistance 1, sense surroundings 1, inhibited regeneration, wild magic 1
a: Renounce Religion


You were on level 4 of the Dungeon.
You worshipped Xom.
You were a plaything of Xom.
You visited 1 branch of the dungeon, and saw 4 of its levels.

You collected 145 gold pieces.

Inventory:

Hand Weapons
 a - a +0 falchion of chaos (weapon)
Armour
 b - a +2 leather armour (worn)
 n - a +0 pair of gloves (worn)
Jewellery
 j - a +6 ring of intelligence (left hand)
Wands
 h - a wand of roots (7)
 o - a wand of flame (16)
Scrolls
 c - a scroll of butterflies
 f - a scroll of immolation {unknown}
 g - 2 scrolls of noise {unknown}
 m - a scroll of identify {unknown}
 q - a scroll of acquirement {unknown}
Potions
 d - a potion of attraction {unknown}
 e - a potion of lignification {unknown}
 i - a potion of degeneration
 k - a potion of mutation {unknown}
 l - a potion of curing {unknown}
 p - 2 potions of ambrosia {unknown}


   Skills:
 + Level 4.0 Fighting
 + Level 3.6 Long Blades
 + Level 2.7 Armour
 + Level 3.6 Dodging
 * Level 2.2 Spellcasting
 * Level 2.2 Conjurations
 * Level 2.2 Hexes
   Level 0.0 Charms
 * Level 2.2 Summonings
 * Level 2.2 Necromancy
 * Level 2.2 Translocations
 * Level 2.2 Transmutations
 * Level 2.2 Fire Magic
 * Level 2.2 Ice Magic
 * Level 2.2 Air Magic
 * Level 2.2 Earth Magic
 * Level 2.2 Poison Magic
 + Level 0.8 Evocations


You knew the following spells:

 Your Spells              Type           Power      Damage    Failure   Level
a - Summon Small Mammal   Summ           48%        N/A       16%         1
b - Call Imp              Summ           24%        N/A       22%         2
Your spell library was empty.

Dungeon Overview and Level Annotations

Branches:
Dungeon (4/15)             Temple (0/1) D:4

Altars:
Dithmenos
Xom

Shops:
D:3 :   D:4 =


Innate Abilities, Weirdness & Mutations

You are immune to sickness and miasma.
You are immune to poison.
Your flesh is very heat resistant. (rF++)
You are vulnerable to cold. (rC-)
You float through the air rather than walking.
You learn spells naturally, not from books.
Your magical power is your life essence.
You have superior vitality. (+4 MHP)
You are partially covered in iridescent scales. (AC +2)
You are agile. (Dex +4, Str/Int -1)
You are somewhat resistant to further mutation.
You passively map a small area around you.
You do not regenerate when monsters are visible.
Your spells are a little harder to cast, but a little more powerful.


Message History

* * * LOW HITPOINT WARNING * * *
You miss the orc warrior.
The orc warrior is severely wounded. "Over there now!"
The orc warrior hits you with a +0 mace.
* * * LOW HITPOINT WARNING * * *
You closely miss the orc warrior.
The orc warrior is severely wounded.
The orc warrior closely misses you.
Unknown command.
You hit the orc warrior.
The orc warrior is almost dead.
The orc warrior closely misses you.
You closely miss the orc warrior.
The orc warrior is almost dead.
The orc warrior hits you with a +0 mace.
* * * LOW HITPOINT WARNING * * *
Press: ? - help, v - describe, . - travel, g - get item
Here: an orc warrior, wielding a +0 mace and wearing a +0 chain mail (blue smoke, almost dead, unusually agile, unusually resistant, lightly drained) Item here: a leather armour.
The floor, spattered with blood.
You hit the orc warrior.
The orc warrior appears confused.
The orc warrior is almost dead.
The orc warrior hits you with a +0 mace.
* * * LOW HITPOINT WARNING * * *
The orc warrior barely misses itself.
You hit the orc warrior but do no damage.
The orc warrior is almost dead.
You hit the orc warrior but do no damage.
The orc warrior is almost dead.
You hit the orc warrior but do no damage.
The orc warrior is almost dead.
The orc warrior barely misses you.
You catch the helpless orc warrior completely off-guard!
You hit the orc warrior but do no damage.
The orc warrior is almost dead.
You hit the orc warrior but do no damage.
The orc warrior is almost dead.
The orc warrior hits you with a +0 mace!
You die...

.#.####.........#
,
#..........###.#
,
##......#.####.#
...............#
,,
*#.####.#.######
#§...#.#
,#.####)# , * #.#
#.# ***,#@# #.#
#o# #.# , * *
#{§, ..# * * ####
### * , **


You could see an orc warrior (agile, resistant, confused, drained).

Vanquished Creatures
  An orc priest (D:4)
  Jessica (D:3)
  An orc wizard (D:4)
  2 adders (D:3)
  A worm (D:2)
  A dart slug (D:3)
  7 orcs
  5 ball pythons
  5 endoplasms
  3 giant cockroaches
  5 hobgoblins
  5 jackals
  2 quokkas
  6 bats
  3 frilled lizards
  5 goblins
  5 kobolds
  4 rats (D:1)
62 creatures vanquished.

Vanquished Creatures (collateral kills)
  An ice beast (D:3)
  A sleepcap (D:3)
  An adder (D:3)
  A river rat (D:3)
  An orc (D:3)
  An endoplasm (D:3)
  A goblin (D:3)
  A rat (D:1)
8 creatures vanquished.

Vanquished Creatures (others)
  An orc wizard (D:4)
1 creature vanquished.

Grand Total: 71 creatures vanquished

Notes
Turn   | Place    | Note
-------+----------+-------------------------------------------
     0 | D:1      | Xavori the Djinni Chaos Knight began the quest for the Orb.
     0 | D:1      | Reached XP level 1. HP: 20/20 MP: 0/0
   104 | D:1      | Reached XP level 2. HP: 22/25 MP: 0/0
   259 | D:1      | XOM: noise
   368 | D:1      | Reached XP level 3. HP: 29/30 MP: 0/0
   368 | D:1      | Learned a level 1 spell: Summon Small Mammal
   598 | D:1      | XOM: scenery: create altars
   872 | D:2      | Identified the "Feadwadd"
  1319 | D:1      | XOM: summons 3 hostile shadow creatures
  1486 | D:2      | XOM: give mutations
  1486 | D:2      | Gained mutation: You are agile. (Dex +4, Str/Int -1) [Xom's
                  | grace]
  1486 | D:2      | Gained mutation: You are partially covered in iridescent
                  | scales. (AC +2) [Xom's grace]
  1522 | D:2      | XOM: give mutations
  1522 | D:2      | Gained mutation: Your spells are a little harder to cast,
                  | but a little more powerful. [Xom's grace]
  1522 | D:2      | Gained mutation: You are somewhat resistant to further
                  | mutation. [Xom's grace]
  1522 | D:2      | Gained mutation: You passively map a small area around you.
                  | [Xom's grace]
  1629 | D:2      | XOM: 4-stop teleportation journey
  1825 | D:2      | XOM: enchant monster (good)
  1855 | D:2      | Reached skill level 1 in Spellcasting
  1855 | D:2      | Reached skill level 1 in Conjurations
  1855 | D:2      | Reached skill level 1 in Hexes
  1855 | D:2      | Reached skill level 1 in Summonings
  1855 | D:2      | Reached skill level 1 in Necromancy
  1855 | D:2      | Reached skill level 1 in Translocations
  1855 | D:2      | Reached skill level 1 in Transmutations
  1855 | D:2      | Reached skill level 1 in Fire Magic
  1855 | D:2      | Reached skill level 1 in Ice Magic
  1855 | D:2      | Reached skill level 1 in Air Magic
  1855 | D:2      | Reached skill level 1 in Earth Magic
  1855 | D:2      | Reached skill level 1 in Poison Magic
  1962 | D:2      | XOM: 3-stop teleportation journey
  2068 | D:2      | XOM: scenery: create altars
  2206 | D:2      | XOM: scenery: 1 doors close
  2384 | D:2      | XOM is BORED!
  2384 | D:2      | XOM: give mutation
  2384 | D:2      | Gained mutation: You do not regenerate when monsters are
                  | visible. [Xom's mischief]
  2428 | D:2      | XOM: silly message
  2644 | D:3      | XOM: divination: detect items
  2663 | D:3      | Found a shadowy altar of Dithmenos.
  2688 | D:3      | Noticed an ice beast
  2730 | D:3      | XOM: confusion
  2738 | D:3      | XOM: enchant monster (good)
  2755 | D:3      | Killed an ice beast
  2756 | D:3      | Reached XP level 4. HP: 23/36 MP: 0/0
  2756 | D:3      | Reached XP level 5. HP: 26/40 MP: 0/0
  2756 | D:3      | Learned a level 2 spell: Call Imp
  2928 | D:3      | XOM: polymorph orc -> river rat
  2966 | D:3      | Found Jemeu's Book Shop.
  3153 | D:3      | Noticed Jessica
  3159 | D:3      | Killed Jessica
  3160 | D:3      | Reached XP level 6. HP: 47/47 MP: 0/0
  3578 | D:4      | Found Ruloyf's Jewellery Shop.
  3588 | D:4      | XOM: 1-stop teleportation journey
  3644 | D:4      | XOM: noise
  3655 | D:4      | XOM: god gift: 5 stones
  3709 | D:4      | XOM: enchant monster (bad)
  3964 | D:4      | Found a staircase to the Ecumenical Temple.
  4018 | D:4      | Noticed an orc warrior
  4022 | D:4      | Reached skill level 4 in Fighting
  4034 | D:4      | XOM: fog
  4035 | D:4      | XOM: smoke on damage
  4043 | D:4      | XOM: blink monster(s)
  4052 | D:4      | Slain by an orc warrior

Illustrated notes

Levels and vault maps discovered:
D:1:      amcnicky_arrival_abandoned_market, layout_basic,
          nicolae_figureground_sparkle
D:2:      wad_pebble_path, layout_basic
D:3:      layout_basic, gammafunk_temple_overflow_elements, serial_shops,
          nicolae_shop_stone, uniq_jessica
D:4:      layout_basic, minmay_temple_entry_drinking_statues, serial_shops,
          shop, minmay_misc_feat_pillars, guppyfry_early_orc_mine

Skill      XL: |  1  2  3  4  5  6 |
---------------+-------------------+-----
Long Blades    | 3 |  3.6
Spellcasting   | 1 2 |  2.2
Conjurations   | 1 2 |  2.2
Hexes          | 1 2 |  2.2
Summonings     | 1 2 |  2.2
Necromancy     | 1 2 |  2.2
Translocations | 1 2 |  2.2
Transmutations | 1 2 |  2.2
Fire Magic     | 1 2 |  2.2
Ice Magic      | 1 2 |  2.2
Air Magic      | 1 2 |  2.2
Earth Magic    | 1 2 |  2.2
Poison Magic   | 1 2 |  2.2
Armour         | 2 |  2.7
Dodging        | 3 |  3.6
Fighting       | 4 |  4.0
Evocations     | |  0.8

Action                     |  1- 3 |  4- 6 || total
---------------------------+-------+-------++-------
  Melee: Falchion          |   102 |   117 ||   219
         Punch             |     3 |     2 ||     5
    Use: Potion            |       |     1 ||     1
   Stab: Sleeping          |     1 |     1 ||     2
         Confused          |       |     2 ||     2
 Armour: Leather armour    |    56 |    73 ||   129
  Dodge: Dodged            |    74 |    84 ||   158

Table legend: (Time is in decaauts)
 A = Elapsed time spent in this place.
 B = Non-inter-level travel time spent in this place.
 C = Inter-level travel time spent in this place.
 D = Time resting spent in this place.
 E = Time spent auto-exploring this place.
 F = Levels seen in this place.
 G = Mean time per level.
                   A        B        C        D        E       F      G
               +--------+--------+--------+--------+--------+-----+--------+
         Total |   4082 |   3974 |    108 |    967 |   2429 |   4 | 1020.5 |
       Dungeon |   4082 |   3974 |    108 |    967 |   2429 |   4 | 1020.5 |
               +--------+--------+--------+--------+--------+-----+--------+

Top non-repeatable levels by time:
     D:1: 1331 daAuts
     D:2: 1263 daAuts
     D:3: 941 daAuts
     D:4: 545 daAuts
